 Dungeon Crawl Stone Soup version 0.21-a0-372-gd0ff781 (webtiles) character file.

1478 4thArraOfDagon the Covert (level 8, -1/37 HPs)
             Began as a Spriggan Summoner on Oct 16, 2017.
             Was a Priest of Dithmenos.
             Killed by divine providence
             ... invoked by an orc priest
              (10 damage)
             ... on level 7 of the Dungeon.
             The game lasted 00:20:56 (4124 turns).

4thArraOfDagon the Covert (Spriggan Summoner)       Turns: 4124, Time: 00:20:57

Health: -1/37      AC:  6    Str:  4    XL:     8   Next: 50%
Magic:  10/13      EV: 22    Int: 19    God:    Dithmenos [***...]
Gold:   215        SH:  0    Dex: 16    Spells: 7/12 levels left

rFire    + + .     SeeInvis +   j - +1 short sword
rCold    . . .     Gourm    .   (shield restricted)
rNeg     . . .     Faith    .   s - +0 robe {rF+}
rPois    .         Spirit   .   (helmet restricted)
rElec    .         Reflect  .   p - +1 cloak
rCorr    .         Harm     .   (gloves unavailable)
MR       +....                  (boots unavailable)
Stlth    +++++.....             (no amulet)
HPRegen  0.12/turn              d - +2 ring of protection
MPRegen  0.13/turn              A - ring of protection from fire

@: wreathed by umbra, very quick
A: unfitting armour, see invisible, herbivore 3, speed 3, slow metabolism 2
a: Shadow Step, Renounce Religion


You were on level 7 of the Dungeon.
You worshipped Dithmenos.
Dithmenos was most pleased with you.
You were very hungry.

You visited 1 branch of the dungeon, and saw 7 of its levels.

You collected 215 gold pieces.

Inventory:

Hand Weapons
 j - a +1 short sword (weapon)
 l - a +0 blowgun
Missiles
 u - 13 poisoned needles
Armour
 a - a +0 robe
 i - a +0 troll leather armour {Purgy}
 p - a +1 cloak (worn)
 s - a +0 robe of fire resistance (worn)
Jewellery
 d - a +2 ring of protection (left hand)
 x - an uncursed ring of ice
 A - a ring of protection from fire (right hand)
Wands
 h - a wand of random effects (13/48)
 v - a wand of confusion (25/48)
Scrolls
 f - 2 scrolls of remove curse
 g - 2 scrolls of enchant weapon
 k - 3 scrolls of amnesia
Potions
 m - 3 potions of brilliance
 n - a potion of haste
 q - 3 potions of lignification
 t - a potion of invisibility {unknown}
 w - a potion of degeneration
 z - a potion of mutation {unknown}
Books
 b - a book of Callings

   Spells                             Type                      Level
   a - Summon Small Mammal            Summoning                    1
   b - Call Imp                       Summoning                    2
   c - Call Canine Familiar           Summoning                    3
   d - Summon Guardian Golem          Hexes/Summoning              3
   e - Summon Lightning Spire         Summoning/Air                4
   f - Summon Ice Beast               Ice/Summoning                4
 e - a book of Cantrips

   Spells                             Type                      Level
   a - Confusing Touch                Hexes                        1
   b - Animate Skeleton               Necromancy                   1
   c - Summon Small Mammal            Summoning                    1
   d - Apportation                    Translocation                1
Comestibles
 c - 2 bread rations
 o - 3 fruits
 r - a royal jelly


   Skills:
 - Level 1.0 Fighting
 * Level 7.4 Short Blades
 + Level 7.0 Dodging
 * Level 8.1 Stealth
 - Level 2.6 Spellcasting
 - Level 3.2 Summonings
 + Level 4.0 Invocations


You had 7 spell levels left.
You knew the following spells:

 Your Spells              Type           Power        Failure   Level  Hunger
a - Summon Small Mammal   Summ           ##..         4%          1    None
b - Call Canine Familiar  Summ           ##......     12%         3    ###....
c - Apportation           Tloc           #.....       16%         1    None


Dungeon Overview and Level Annotations

Branches:
Dungeon (7/15)             Temple (0/1) D:7

Altars:
Dithmenos
Uskayaw
Vehumet


Innate Abilities, Weirdness & Mutations

You are very small and have problems with some larger weapons.
You are too small for most types of armour.
You have supernaturally acute eyesight. (SInv)
You are a herbivore.
You cover ground extremely quickly.
You need consume almost no food.


Message History

The orc wizard gestures wildly while chanting.
The orc wizard blinks!
The orc misses you. The orc completely misses you.
An orc priest comes into view.
You hit the orc.
The orc is almost dead.
Your hound completely misses the orc wizard.
The orc priest invokes the aid of Beogh against you.
Beogh smites you!
The orc wizard points at you and mumbles some strange words.
The magic dart hits your hound. The orc closely misses you.
Unknown command.
You hit the orc but do no damage.
The orc is almost dead.
Your hound barely misses the orc wizard.
The orc priest invokes the aid of Beogh against you.
Beogh smites you!
* * * LOW HITPOINT WARNING * * *
The orc priest mumbles some strange prayers to Beogh against you.
Beogh smites you!
You die...

... ..# #.# ## #.#
#.##.....a. #.
#.##...##o#####.#
#.
#.##...ยง.o......#
#.
#.##..oh.@......#
#.
#.##..###o####.##
#. #.##..# #Z###
#.###.##).###oo..
#....D.)......o.
#.<##.#...#.#.##
#....a.......$#
##.##.#....#..#
#..##.#....# ..#


You could see a worker ant, 2 orc priests, an orc wizard, 4 orcs, a leopard
gecko zombie and a friendly hound.

Vanquished Creatures
  An orc warrior (D:7)
  Purgy (D:4)
  An ice beast (D:5)
  2 centaurs (D:6)
  2 bullfrogs
  4 wights (D:6)
  3 howler monkeys
  A jelly (D:4)
  2 orc priests (D:4)
  A gnoll shaman (D:6)
  Crazy Yiuf (D:4)
  4 gnolls
  4 adders
  A shadow imp (D:6)
  An ooze (D:6)
  2 adder skeletons
  A worm (D:2)
  A dart slug (D:5)
  2 leopard geckos
  5 orcs
  A bat (D:2)
  6 giant cockroaches
  A hobgoblin (D:3)
  3 jackals
  A ball python (D:3)
  5 frilled lizards
  5 goblins
  2 kobolds (D:2)
  6 rats
70 creatures vanquished.

Vanquished Creatures (collateral kills)
  3 ogres
  A phantom (D:4)
  A bullfrog (D:6)
  A wyvern zombie (D:6)
  A water moccasin skeleton (D:4)
  A howler monkey (D:4)
  A hound (D:5)
  Jessica (D:2)
  A bullfrog skeleton (D:7)
  3 worker ants
  A hound zombie (D:5)
  A worker ant zombie (D:5)
  5 gnolls
  3 adders
  An adder skeleton (D:6)
  2 worms
  9 orcs
  5 bats
  4 giant cockroaches
  3 goblins
  A hobgoblin (D:2)
  3 jackals (D:1)
  A quokka (D:3)
  2 kobolds (D:3)
  A rat (D:1)
56 creatures vanquished.

Grand Total: 126 creatures vanquished

Notes
Turn   | Place    | Note
-------+----------+-------------------------------------------
     0 | D:1      | 4thArraOfDagon the Spriggan Summoner began the quest for the Orb.
     0 | D:1      | Reached XP level 1. HP: 9/9 MP: 5/5
    69 | D:1      | Reached skill level 1 in Fighting
   175 | D:2      | Reached XP level 2. HP: 7/14 MP: 4/6
   177 | D:2      | Reached skill level 1 in Short Blades
   251 | D:2      | Found a shadowy altar of Dithmenos.
   256 | D:2      | Became a worshipper of Dithmenos the Shadowed
   654 | D:2      | Found a hide-covered altar of Uskayaw.
   767 | D:3      | Reached XP level 3. HP: 18/18 MP: 8/8
   779 | D:3      | Learned a level 3 spell: Call Canine Familiar
   918 | D:2      | Noticed Jessica
   930 | D:2      | Killed Jessica
   930 | D:2      | Reached * piety under Dithmenos
  1044 | D:2      | Reached XP level 4. HP: 19/22 MP: 5/9
  1420 | D:3      | Learned a level 1 spell: Apportation
  1573 | D:4      | Noticed a phantom
  1657 | D:4      | Noticed a bullfrog
  1706 | D:3      | Killed a bullfrog
  1706 | D:3      | Reached ** piety under Dithmenos
  1706 | D:3      | Reached skill level 4 in Stealth
  1859 | D:4      | Noticed an ogre
  1880 | D:4      | Killed an ogre
  1880 | D:4      | Reached skill level 1 in Invocations
  1880 | D:4      | Reached XP level 5. HP: 25/25 MP: 5/10
  2092 | D:5      | Entered Level 5 of the Dungeon
  2094 | D:5      | Noticed an ogre
  2116 | D:5      | Killed an ogre
  2142 | D:5      | Found a glowing drain.
  2177 | D:5      | Reached XP level 6. HP: 18/30 MP: 6/11
  2325 | D:4      | Found a runed door.
  2403 | D:4      | Noticed Crazy Yiuf
  2407 | D:4      | Killed Crazy Yiuf
  2450 | D:4      | Reached skill level 5 in Stealth
  2501 | D:4      | Reached skill level 5 in Short Blades
  2501 | D:4      | Reached skill level 5 in Dodging
  2640 | D:4      | Noticed Purgy
  2791 | D:4      | Killed Purgy
  2791 | D:4      | Reached XP level 7. HP: 30/33 MP: 7/12
  3113 | D:5      | Reached skill level 6 in Stealth
  3198 | D:5      | Found a radiant altar of Vehumet.
  3493 | D:6      | Reached XP level 8. HP: 36/37 MP: 11/13
  3578 | D:6      | Reached *** piety under Dithmenos
  3578 | D:6      | Reached skill level 7 in Stealth
  4016 | D:7      | Found a staircase to the Ecumenical Temple.
  4058 | D:7      | Reached skill level 8 in Stealth
  4124 | D:7      | Killed from afar by an orc priest

Vault maps used:
D:1:      dpeg_arrival_rhombus
D:2:      eat_drink_and_be_merry_uskayaw, lemuel_doored_altar, first_bread,
          minmay_fountain_box, minmay_stone_trees_medium, uniq_jessica
D:3:      grunt_ministairs_3
D:4:      uniq_crazy_yiuf_cottage, uniq_purgy
D:5:      nicolae_overflow_crystal_walls, gup_sewer_entry_glass,
          guppyfry_early_lair_pool, uniq_pikel
D:6:      minivault_25, corner_web_ring, grunt_ministairs_6
D:7:      cheibrodos_statue_roulette, cheibrodos_worm_habitat,
          minmay_temple_entry_enclosed_plants, serial_shops,
          kennysheep_mini_moat, hangedman_abyss_or_decor_stagger, uniq_duvessa,
          uniq_prince_ribbit1

Skill      XL: |  1  2  3  4  5  6  7  8 |
---------------+-------------------------+-----
Fighting       | 1 |  1.0
Short Blades   | 2 3 4 5 6 7 |  7.4
Stealth        | 4 5 6 8 |  8.1
Dodging        | 4 5 6 7 |  7.0
Invocations    | 1 2 3 4 |  4.0
Spellcasting   | |  2.6
Summonings     | |  3.2

Action                   |  1- 3 |  4- 6 |  7- 9 || total
-------------------------+-------+-------+-------++-------
Melee: Dagger            |   117 |    70 |       ||   187
       Unarmed           |     5 |       |       ||     5
       Short sword       |       |   123 |   250 ||   373
 Cast: Summon Small Mamm |    14 |    19 |    21 ||    54
       Call Canine Famil |     3 |    22 |    19 ||    44
Evoke: Wand              |       |     2 |     2 ||     4
  Use: Scroll            |       |     8 |     1 ||     9
       Potion            |       |     3 |       ||     3
 Stab: Sleeping          |     7 |     6 |     5 ||    18
       Distracted        |     1 |     2 |     7 ||    10
       Confused          |       |     2 |     3 ||     5
  Eat: Fruit             |       |     3 |     1 ||     4
       Royal jelly       |       |       |     1 ||     1
Armor: Robe              |    15 |    30 |    14 ||    59
       Troll leather arm |       |       |     7 ||     7
Dodge: Dodged            |    98 |   159 |   193 ||   450

Table legend:
 A = Spawn XP
 B = Non-spawn XP
 C = Spawn XP percentage of total XP
 D = Spawn monster count
 E = Non-spawn monster count
 F = Spawn count percentage of total count
 G = Total turns spent on level
                    A         B        C        D         E        F      G
               +---------+---------+-------+---------+---------+-------+---------
         Total |       0 |    2112 |   0.0 |       0 |     126 |   0.0 |  4124
               +---------+---------+-------+---------+---------+-------+---------
           D:1 |       0 |      14 |   0.0 |       0 |      11 |   0.0 |   410
           D:2 |       0 |      58 |   0.0 |       0 |      20 |   0.0 |   561
           D:3 |       0 |     120 |   0.0 |       0 |      27 |   0.0 |   873
           D:4 |       0 |     627 |   0.0 |       0 |      23 |   0.0 |   957
           D:5 |       0 |     370 |   0.0 |       0 |      17 |   0.0 |   432
           D:6 |       0 |     759 |   0.0 |       0 |      24 |   0.0 |   814
           D:7 |       0 |     164 |   0.0 |       0 |       4 |   0.0 |    77
               +---------+---------+-------+---------+---------+-------+---------
